 Dungeon Crawl Stone Soup version 0.29.0-4-gdea44cf6ec (webtiles) character file.

Game seed: 17663030154571735564

76 tizbic2 the Chiller (level 3, -6/28 HPs)
             Began as a Demigod Ice Elementalist on Aug 27, 2022.
             Killed from afar by Sigmund (7 damage)
             ... with a magic dart
             ... on level 2 of the Dungeon.
             The game lasted 00:08:12 (1965 turns).

tizbic2 the Chiller (Demigod Ice Elementalist)      Turns: 1965, Time: 00:08:13

Health: -6/28      AC:  6    Str: 13    XL:     3   Next: 89%
Magic:  0/8        EV: 14    Int: 17    God:
Gold:   62         SH:  0    Dex: 14    Spells: 5/6 levels left

rFire   x . .      SeeInvis .   g - +0 whip
rCold   + . .      Faith    .   (no shield)
rNeg    . . .      Spirit   +   e - +1 ring mail
rPois   .          Reflect  .   (no helmet)
rElec   .          Harm     .   (no cloak)
rCorr   .          Rampage  .   (no gloves)
Will    .....                   (no boots)
Stlth   +.........              d - amulet of guardian spirit
HPRegen 0.09/turn               a - ring of ice
MPRegen 0.11/turn               c - +4 ring of evasion

@: no status effects
A: high MP 1, forlorn, divine attributes
a: no special abilities


You were on level 2 of the Dungeon.
You visited 1 branch of the dungeon, and saw 2 of its levels.

You collected 62 gold pieces.

Inventory:

Hand Weapons
 g - a +0 whip (weapon)
 l - a +0 sling of freezing
Missiles
 k - 5 boomerangs
Armour
 e - a +1 ring mail (worn)
Jewellery
 a - a ring of ice (left hand)
 c - a +4 ring of evasion (right hand)
 d - an amulet of guardian spirit (around neck)
Potions
 b - a potion of magic
 f - a potion of degeneration {unknown}
 h - 2 potions of curing {unknown}
 i - a potion of flight {unknown}
 j - a potion of cancellation {unknown}


   Skills:
 + Level 1.1 Fighting
 + Level 0.6 Maces & Flails
 - Level 1.7 Dodging
 - Level 1.7 Stealth
 * Level 1.8 Unarmed Combat
 + Level 2.1 Spellcasting
 * Level 4.1 Ice Magic


You had 5 spell levels left.
You knew the following spells:

 Your Spells              Type           Power      Damage    Failure   Level
a - Freeze                Ice            92%        1d10      8%          1

Your spell library contained the following spells:

 Spells                   Type           Power      Damage    Failure   Level
 Frozen Ramparts          Ice            46%        1d7       24%         3
 Ozocubu's Armour         Ice            23%        N/A       24%         3
 Hailstorm                Conj/Ice       13%        3d5       87%         4


Dungeon Overview and Level Annotations

Branches:
Dungeon (2/15)

Annotations:
D:2 Sigmund


Innate Abilities, Weirdness & Mutations

You have an increased reservoir of magic. (+10% MP)
You shall have no god before yourself.
Your divine heritage dramatically boosts your attributes as you level up.


Message History

Sigmund gestures at you while chanting. You resist with some effort.
Sigmund mumbles some strange words.
Sigmund flickers and vanishes!
Deactivating autopickup; reactivate with Ctrl-A.
Okay, then.
Fire: l) +0 sling (freeze)
Press: ? - help, Q - select action, (/) - cycle Shift-Dir - straight line You shoot a sling bullet.
You hear some strange, mumbled words.
You are confused.
You're too confused to move!
Something hits you!
Your +0 sling of freezing stops glowing.
g - a +0 whip (weapon)
Something hits you.
You're too confused to cast spells.
Sorry, you're not good enough to have a special ability.
Something hits you!
You feel less confused.
Casting: Freeze (safe; 8% risk of failure)
Confirm with . or Enter, or press ? or * to list all spells.
Okay, then.
You hear some strange, mumbled words.
A puff of flame appears from out of thin air!
The puff of flame hits you! The fire burns you terribly!
* * * LOW HITPOINT WARNING * * *
Casting: Freeze (safe; 8% risk of failure)
Confirm with . or Enter, or press ? or * to list all spells.
You don't have enough magic to cast this spell.
Magic courses through your body. Something hits you!
* * * LOW HITPOINT WARNING * * *
Casting: Freeze (safe; 8% risk of failure)
Confirm with . or Enter, or press ? or * to list all spells.
Aiming: Freeze (safe; 8% risk of failure)
Press: ? - help, Shift-Dir - straight line You feel a surge of power!
You freeze something!
You hear some strange, mumbled words.
A magic dart appears from out of thin air!
The magic dart hits you!
You die...

####### .......
....... .......
##########.......
#................
#................
#................
##.@{.........>...
###..########.......
###...## .......
#...### .......
#.### ....... #.#
....... #.#######
.....$. #......≈#
#....~≈≈#


There were no monsters in sight!

Vanquished Creatures
  An adder (D:2)
  A worm (D:2)
  2 dart slugs (D:2)
  4 bats
  6 endoplasms (D:1)
  2 giant cockroaches (D:1)
  9 goblins
  5 hobgoblins
  6 jackals (D:1)
  9 kobolds
  A quokka (D:2)
  2 ball pythons
  5 rats
53 creatures vanquished.

Notes
Turn   | Place    | Note
-------+----------+-------------------------------------------
     0 | D:1      | tizbic2 the Demigod Ice Elementalist began the quest for
                  | the Orb.
     0 | D:1      | Reached XP level 1. HP: 14/14 MP: 5/5
   344 | D:1      | Reached XP level 2. HP: 13/22 MP: 1/7
   653 | D:1      | Reached skill level 1 in Unarmed Combat
  1103 | D:1      | Reached XP level 3. HP: 26/27 MP: 6/8
  1536 | D:2      | Reached skill level 4 in Ice Magic
  1651 | D:2      | Reached skill level 1 in Fighting
  1941 | D:2      | Noticed Sigmund
  1963 | D:2      | HP: 1/28 [something/puff of flame (8)]
  1965 | D:2      | Killed from afar by Sigmund

Illustrated notes

Levels and vault maps discovered:
D:1:      minmay_arrival_wavy_path, layout_loops_ring,
          nicolae_ecumenical_lake_church, minmay_misc_feat_rugged
D:2:      layout_basic, minmay_goblin_outpost, uniq_sigmund

Skill      XL: |  1  2  3 |
---------------+----------+-----
Unarmed Combat | 1 |  1.8
Spellcasting   | 2 |  2.1
Ice Magic      | 4 |  4.1
Fighting       | 1 |  1.1
Maces & Flails | |  0.6
Dodging        | |  1.7
Stealth        | |  1.7

Action                   || total
-------------------------++-------
Melee: Club              ||    29
       Unarmed           ||     1
       Whip              ||   104
 Fire: Sling             ||    11
 Cast: Freeze            ||    43
  Use: Scroll            ||     2
       Potion            ||     1
Armor: Robe              ||     4
       Ring mail         ||    72
Dodge: Dodged            ||   150
